 Dungeon Crawl Stone Soup version 0.22.0 (webtiles) character file.

281 inmateoo the Shield-Bearer (level 6, 0/39 HPs)
             Began as a Gargoyle Fighter on Aug 10, 2018.
             Killed from afar by an orc wizard (13 damage)
             ... with a puff of flame
             ... on level 4 of the Dungeon.
             The game lasted 00:02:14 (2332 turns).

inmateoo the Shield-Bearer (Gargoyle Fighter)       Turns: 2332, Time: 00:02:15

Health: 0/39       AC: 14    Str: 20    XL:     6   Next: 27%
Magic:  6/6        EV:  7    Int:  8    God:
Gold:   32         SH:  9    Dex:  9    Spells: 5/5 levels left

rFire    . . .     SeeInvis .   a - +0 flail
rCold    . . .     Gourm    .   c - +0 shield
rNeg     + . .     Faith    .   b - +0 scale mail
rPois    ∞         Spirit   .   g - +0 helmet
rElec    +         Reflect  .   (no cloak)
rCorr    +         Harm     .   (no gloves)
MR       .....                  (no boots)
Stlth    ..........             (no amulet)
HPRegen  0.13/turn              j - ring of resist corrosion
MPRegen  0.10/turn              (no ring)

@: no status effects
A: iridescent scales 1, negative energy resistance 1, electricity resistance,
weak 1, unbreathing, petrification resistance, rot immunity, AC +4
a: no special abilities


You were on level 4 of the Dungeon.
You were very hungry.

You visited 1 branch of the dungeon, and saw 4 of its levels.

You collected 194 gold pieces.
You spent 162 gold pieces at shops.

Inventory:

Hand Weapons
 a - a +0 flail (weapon)
Armour
 b - a +0 scale mail (worn)
 c - a +0 shield (worn)
 g - a +0 helmet (worn)
Jewellery
 j - a ring of resist corrosion (left hand)
 n - an uncursed ring of see invisible {unknown}
 r - an uncursed ring of poison resistance {unknown}
Scrolls
 e - 2 scrolls of fear
 i - 6 scrolls of identify
 k - 3 scrolls of teleportation {unknown}
 l - 2 scrolls of fog {unknown}
 m - 3 scrolls of remove curse {unknown}
 o - a scroll of noise {unknown}
 v - a scroll of enchant weapon {unknown}
Potions
 d - 2 potions of might
 h - a potion of brilliance {unknown}
 p - a potion of flight {unknown}
 q - a potion of curing {unknown}
 s - a potion of agility {unknown}
 t - 2 potions of heal wounds {unknown}
 u - a potion of lignification {unknown}
Comestibles
 f - 8 rations


   Skills:
 + Level 4.3 Fighting
 * Level 4.3 Maces & Flails
 + Level 4.4 Armour
 + Level 4.4 Shields


You had 5 spell levels left.
You didn't know any spells.
Your spell library was empty.

Dungeon Overview and Level Annotations

Branches:
Dungeon (4/15)
 Temple: D:4-7

Altars:

Shops:
D:4 *


Innate Abilities, Weirdness & Mutations

You are resistant to torment.
Your stone body is resilient. (AC +4)
You are immune to poison.
You resist negative energy. (rN+)
You are resistant to electric shocks. (rElec)
You can survive without breathing.
You are immune to petrification.
You are immune to rotting.
You are partially covered in iridescent scales. (AC +2)
You are weak. (Str -2)


Message History

Unknown command.
You hit the centaur.
The centaur is lightly wounded.
You block the centaur's attack. The orc hits you but does no damage.
You block the orc's attack. The orc wizard casts a spell at you.
The puff of flame hits you!
The centaur hits you but does no damage.
You sock the centaur!
The centaur is severely wounded.
The centaur hits you. The orc hits you with a dagger.
The orc wizard hits you but does no damage.
The orc hits you but does no damage. The centaur completely misses you.
Unknown command.
You hit the centaur.
The centaur is almost dead.
You block the orc's attack.
The orc wizard points at you and mumbles some strange words.
The puff of flame hits you!
You die...

#....##########.#
#....'..........##
#....#######......
#....)............
#.......<#.#......
########....#####.####.##
.......(...............(.
........o#.######..###.##
######.#@o.........# #.#
......co#.######..# #.#
#####.#o#.# #..# #.#
...#o. # #..# #.# #
#.###.. #####..# #.# #.
#. .... .......# #.#
#.##### # ###. #...###.##
#.....# .# #........#
#.....####### ##
#.#.######


You could see a centaur, an orc wizard and 4 orcs.

Vanquished Creatures
  A howler monkey (D:2)
  A bullfrog skeleton (D:4)
  A worker ant (D:4)
  3 gnolls (D:3)
  7 adders
  An ooze (D:1)
  5 worms (D:2)
  2 dart slugs (D:2)
  4 leopard geckos
  2 orcs
  A bat zombie (D:2)
  4 giant cockroaches
  8 goblins
  14 hobgoblins
  4 jackals (D:1)
  A kobold (D:1)
  2 quokkas
  A ball python (D:2)
  4 bats
  4 frilled lizards
  A leopard gecko zombie (D:4)
  5 rats
76 creatures vanquished.

Notes
Turn   | Place    | Note
-------+----------+-------------------------------------------
     0 | D:1      | inmateoo the Gargoyle Fighter began the quest for the Orb.
     0 | D:1      | Reached XP level 1. HP: 14/14 MP: 1/1
   113 | D:1      | Reached XP level 2. HP: 19/19 MP: 2/2
   394 | D:1      | Reached XP level 3. HP: 23/23 MP: 3/3
   651 | D:2      | Reached XP level 4. HP: 29/29 MP: 4/4
   754 | D:2      | Reached XP level 5. HP: 27/33 MP: 5/5
  2072 | D:4      | Reached XP level 6. HP: 32/38 MP: 6/6
  2226 | D:4      | Found Iminosu's General Store.
  2230 | D:4      | Bought a potion of mutation for 96 gold pieces
  2230 | D:4      | Gained mutation: You are weak. (Str -2) [potion of mutation]
  2230 | D:4      | Gained mutation: You are partially covered in iridescent scales. (AC +2) [potion of mutation]
  2231 | D:4      | Bought a scroll of identify for 24 gold pieces
  2231 | D:4      | Bought a scroll of fear for 42 gold pieces
  2332 | D:4      | Killed from afar by an orc wizard

Skill      XL: |  1  2  3  4  5 |
---------------+----------------+-----
Maces & Flails | 3 4 |  4.3
Shields        | 4 |  4.4
Armour         | 4 |  4.4
Fighting       | 4 |  4.3

Action                   |  1- 3 |  4- 6 || total
-------------------------+-------+-------++-------
Melee: Flail             |    87 |   213 ||   300
  Use: Potion            |       |     1 ||     1
  Eat: Chunk             |       |     4 ||     4
Armor: Scale mail        |    50 |   125 ||   175
Dodge: Dodged            |    29 |    80 ||   109
Block: Shield            |    44 |   120 ||   164
